 Dungeon Sprint DCSS version 0.21.1-1-g345015f (webtiles) character file.

31 Fang the Chopper (level 3, -7/55 HPs)
             Began as a Minotaur Berserker on June 1, 2018.
             Was a Priest of Trog.
             Mangled by a two-headed ogre
             ... wielding a cursed -2 dire flail
              (22 damage)
             ... in the Dungeon (Sprint IX: "|||||||||||||||||||||||||||||").
             The game lasted 00:00:41 (109 turns).

Fang the Chopper (Minotaur Berserker)                Turns: 109, Time: 00:00:42

Health: -7/55      AC:  2    Str: 30    XL:     3   Next: 7%
Magic:  2/2        EV: 13    Int:  7    God:    Trog [***...]
Gold:   0          SH:  0    Dex:  9    Spells: 2/2 levels left

rFire    . . .     SeeInvis .   n - +1 broad axe (freeze)
rCold    . . .     Gourm    .   (no shield)
rNeg     . . .     Faith    .   b - +0 animal skin
rPois    .         Spirit   .   (helmet restricted)
rElec    .         Reflect  .   (no cloak)
rCorr    .         Harm     .   (no gloves)
MR       .....     NoTele   +   (no boots)
Stlth    ..........             (no amulet)
HPRegen  0.18/turn              p - +3 ring of strength
MPRegen  0.08/turn              o - +3 ring of intelligence

@: berserking, very quick
A: retaliatory headbutt, horns 2
a: Berserk, Trog's Hand, Burn Spellbooks, Renounce Religion


You were in the Dungeon.
You worshipped Trog.
Trog was most pleased with you.
You were not hungry.

You visited 1 branch

Inventory:

Hand Weapons
 a - a +0 hand axe
 n - a +1 broad axe of freezing (weapon)
Armour
 b - a +0 animal skin (worn)
Jewellery
 o - a +3 ring of intelligence (right hand)
 p - a +3 ring of strength (left hand)
Wands
 m - a wand of acid (10)
Scrolls
 i - 2 scrolls of blinking
 l - 3 scrolls of remove curse
Potions
 d - 5 potions of curing
 e - 3 potions of heal wounds
 f - a potion of haste
 g - 4 potions of magic
 h - a potion of berserk rage
 k - a potion of invisibility
Comestibles
 c - a ration
 j - 8 chunks of flesh


   Skills:
 + Level 5.8 Fighting
 + Level 6.0 Axes
 + Level 3.2 Armour
 + Level 3.1 Dodging


You had 2 spell levels left.
You didn't know any spells.

Dungeon Overview and Level Annotations

Branches:
Dungeon (1/1)

Altars:
Cheibriados
Dithmenos
Elyvilon
Fedhas
Gozag
Hepliaklqana
Kikubaaqudgha
Makhleb
Nemelex Xobeh
Okawaru
Qazlal
Ru
Sif Muna
Trog
Uskayaw
Vehumet
Wu Jian
Xom
Yredelemnul
Zin
The Shining One
Beogh
Jiyva
Lugonu


Innate Abilities, Weirdness & Mutations

You reflexively headbutt those who attack you in melee.
You have a pair of horns on your head.


Message History

A jelly, a killer bee, an orc warrior, a two-headed ogre and 2 zombies come into view.
The jelly quivers.
A red film seems to cover your vision as you go berserk!
You feel yourself moving faster!
You feel mighty!
You feel quite a bit more hungry.
The two-headed ogre hits you with an enchanted dire flail!!
The two-headed ogre hits you with a giant club!
You are too injured to fight recklessly!
You are too injured to fight recklessly!
You are too injured to fight recklessly!
You are too injured to fight recklessly!
You are too injured to fight recklessly!
You are too injured to fight recklessly!
You slice the two-headed ogre!! You freeze the two-headed ogre!
You headbutt the two-headed ogre!
The two-headed ogre is severely wounded.
The two-headed ogre hits you with an enchanted dire flail.
* * * LOW HITPOINT WARNING * * *
The two-headed ogre hits you with a giant club!!
You die... ▓▓▓▓▓▓▓▓▓▓▓▓▓▓▓▓▓▓▓▓▓▓▓▓ _______'.?|)[[[.@OoZZJy. ▓▓▓▓▓▓▓▓▓▓▓▓▓▓▓▓▓▓▓▓▓▓▓▓

You could see a two-headed ogre, an orc warrior, a jelly, a killer bee, a bat zombie and an adder zombie.

Vanquished Creatures
  2 adders (D)
  A worm (D)
  A leopard gecko (D)
  A bat skeleton (D)
  2 goblins (D)
  A kobold (D)
  A ball python (D)
  A bat (D)
10 creatures vanquished.

Notes
Turn   | Place    | Note
-------+----------+-------------------------------------------
     0 | D        | Fang the Minotaur Berserker began the quest for the Orb.
     0 | D        | Reached XP level 1. HP: 19/19 MP: 0/0
     5 | D        | Reached skill level 4 in Axes
    10 | D        | Reached ** piety under Trog
    35 | D        | Reached XP level 2. HP: 28/28 MP: 1/1
    37 | D        | Reached *** piety under Trog
    37 | D        | Reached skill level 5 in Axes
    41 | D        | Reached skill level 5 in Fighting
    42 | D        | Reached XP level 3. HP: 37/37 MP: 2/2
    44 | D        | Reached skill level 6 in Axes
    59 | D        | Found a roughly hewn altar of Beogh.
    59 | D        | Found a snail-covered altar of Cheibriados.
    59 | D        | Found a shadowy altar of Dithmenos.
    59 | D        | Found a white marble altar of Elyvilon.
    59 | D        | Found a blossoming altar of Fedhas.
    59 | D        | Found an opulent altar of Gozag.
    60 | D        | Found a hazy altar of Hepliaklqana.
    61 | D        | Found a viscous altar of Jiyva.
    62 | D        | Found an ancient bone altar of Kikubaaqudgha.
    63 | D        | Found a corrupted altar of Lugonu.
    64 | D        | Found a burning altar of Makhleb.
    65 | D        | Found a sparkling altar of Nemelex Xobeh.
    66 | D        | Found an iron altar of Okawaru.
    67 | D        | Found a stormy altar of Qazlal.
    68 | D        | Found a sacrificial altar of Ru.
    69 | D        | Found a deep blue altar of Sif Muna.
    70 | D        | Found a bloodstained altar of Trog.
    71 | D        | Found a hide-covered altar of Uskayaw.
    72 | D        | Found a radiant altar of Vehumet.
    73 | D        | Found an ornate altar of the Wu Jian Council.
    74 | D        | Found a shimmering altar of Xom.
    75 | D        | Found a basalt altar of Yredelemnul.
    76 | D        | Found a glowing silver altar of Zin.
    77 | D        | Found a glowing golden altar of the Shining One.
   107 | D        | Noticed a two-headed ogre
   107 | D        | Noticed an orc warrior
   107 | D        | Noticed a killer bee
   109 | D        | Mangled by a two-headed ogre

Skill      XL: |  1  2  3 |
---------------+----------+-----
Fighting       | 4 5 |  5.8
Axes           | 4 5 6 |  6.0
Armour         | 3 |  3.2
Dodging        | 3 |  3.1

Action                   || total
-------------------------++-------
Melee: Hand axe          ||    14
       Headbutt          ||     2
       Broad axe         ||     1
Invok: Berserk           ||     2
Armor: Animal skin       ||     4
Dodge: Dodged            ||    14
